TOP OF THE 1ST |
Bishop Verot HS batting - Pitching for Oliver Ames HS Tigers : RHP Bill Peoples
|
Pitching: RHP Bill Peoples
|
|
Batting: RHB Rafael Sánchez
|
0-0: Ball 1-0: Ball 2-0: Ball 3-0: Base on Balls
|
Batting: LHB Fred Peters
|
0-0: Ball 1-0: Ground out 3-1 (Groundball, 34S) Rafael Sánchez to second
|
Batting: RHB Martin Davis
|
0-0: Ball 1-0: Called Strike 1-1: Ball 2-1: Called Strike 2-2: Foul Ball, location: 2F 2-2: Foul Ball, location: 2F 2-2: Ball 3-2: SINGLE (Line Drive, 5D) Rafael Sánchez to third
|
Batting: LHB Mario Rodríguez
|
0-0: Ball 1-0: Ball 2-0: SINGLE (Groundball, 6D) Rafael Sánchez scores Martin Davis to second
|
Batting: RHB Ken O'Quinn
|
0-0: Ball 1-0: Foul Ball, location: 2F 1-1: Ball 2-1: Ball 3-1: Base on Balls Martin Davis to third Mario Rodríguez to second
|
Batting: SHB Paul Johnson
|
0-0: Ball 1-0: Called Strike 1-1: Ball 2-1: Ball 3-1: Grounds into double play, 3-6-4 (Groundball, 34)
|
Top of the 1st over - 1 run, 2 hits, 0 errors, 2 left on base; Bishop Verot HS 1 - Oliver Ames HS 0 |
BOTTOM OF THE 1ST |
Oliver Ames HS Tigers batting - Pitching for Bishop Verot HS : RHP Mathieu Hallé
|
Pitching: RHP Mathieu Hallé
|
|
Batting: LHB William Moody
|
0-0: Ball 1-0: Swinging Strike 1-1: Foul Ball, location: 2F 1-2: Foul Ball, location: 2F 1-2: Strikes out swinging, 2-3 out at first.
|
Batting: RHB Marcos Llevanos
|
0-0: Called Strike 0-1: Swinging Strike 0-2: Strikes out swinging
|
Batting: RHB Will Hernández
|
0-0: Ball 1-0: Called Strike 1-1: Foul Ball, location: 2F 1-2: Ball 2-2: Ball 3-2: Foul Ball, location: 2F 3-2: Strikes out looking
|
Bottom of the 1st over - 0 runs, 0 hits, 0 errors, 0 left on base; Bishop Verot HS 1 - Oliver Ames HS 0 |
TOP OF THE 2ND |
Bishop Verot HS batting - Pitching for Oliver Ames HS Tigers : RHP Bill Peoples
|
Batting: SHB Scott Warren
|
0-0: Ball 1-0: Ball 2-0: Ball 3-0: Base on Balls
|
Batting: RHB Frank Rangel
|
0-0: Ball Scott Warren steals 2nd base 1-0: Called Strike 1-1: Ball 2-1: Ball 3-1: Base on Balls
|
Batting: RHB José Mejía
|
0-0: Foul Ball, location: 2F 0-1: Fielders Choice at 2nd, 4-6 (Groundball, 4) Scott Warren to third
|
Batting: RHB Rafael Sánchez
|
0-0: 3-RUN HOME RUN (Flyball, 9D), Distance : 378 ft
|
Batting: LHB Fred Peters
|
0-0: Swinging Strike 0-1: Ground out 4-3 (Groundball, 34)
|
Batting: RHB Martin Davis
|
0-0: Ground out U3 (Groundball, 34)
|
Top of the 2nd over - 3 runs, 1 hit, 0 errors, 0 left on base; Bishop Verot HS 4 - Oliver Ames HS 0 |
BOTTOM OF THE 2ND |
Oliver Ames HS Tigers batting - Pitching for Bishop Verot HS : RHP Mathieu Hallé
|
Batting: LHB Manny Martínez
|
0-0: Ball 1-0: Swinging Strike 1-1: Ball 2-1: Ball 3-1: Foul Ball, location: 2F 3-2: Foul Ball, location: 2F 3-2: Strikes out swinging
|
Batting: LHB Tony Gillard
|
0-0: Foul Ball, location: 2F 0-1: Foul Ball, location: 2F 0-2: Ball 1-2: Strikes out looking
|
Batting: RHB Tony Pope
|
0-0: Ball 1-0: SINGLE (Groundball, 6D)
|
Batting: RHB Jim Brown
|
0-0: Foul Ball, location: 2F 0-1: Ball 1-1: Swinging Strike 1-2: SINGLE (Flyball, 8RS) Tony Pope to second
|
Batting: RHB Michael Lee
|
0-0: Ball 1-0: Foul Ball, location: 2F 1-1: SINGLE (Groundball, 56) (infield hit) Tony Pope to third Jim Brown to second
|
Batting: RHB Culley Turner
|
0-0: Ground out 6-3 (Groundball, 6S)
|
Bottom of the 2nd over - 0 runs, 3 hits, 0 errors, 3 left on base; Bishop Verot HS 4 - Oliver Ames HS 0 |
TOP OF THE 3RD |
Bishop Verot HS batting - Pitching for Oliver Ames HS Tigers : RHP Bill Peoples
|
Batting: LHB Mario Rodríguez
|
0-0: Called Strike 0-1: Ball 1-1: Swinging Strike 1-2: Strikes out swinging
|
Batting: RHB Ken O'Quinn
|
0-0: Ball 1-0: Hit by Pitch
|
Batting: SHB Paul Johnson
|
0-0: Swinging Strike Ken O'Quinn steals 2nd base 0-1: Foul Ball, location: 2F 0-2: Strikes out looking
|
Batting: SHB Scott Warren
|
0-0: Ground out 6-3 (Groundball, 6)
|
Top of the 3rd over - 0 runs, 0 hits, 0 errors, 1 left on base; Bishop Verot HS 4 - Oliver Ames HS 0 |
BOTTOM OF THE 3RD |
Oliver Ames HS Tigers batting - Pitching for Bishop Verot HS : RHP Mathieu Hallé
|
Batting: LHB William Moody
|
0-0: Ball 1-0: Called Strike 1-1: Ball 2-1: Ground out U3 (Groundball, 34S)
|
Batting: RHB Marcos Llevanos
|
0-0: Ground out 6-3 (Groundball, 6MD)
|
Batting: RHB Will Hernández
|
0-0: Ball 1-0: Swinging Strike 1-1: Called Strike 1-2: Fly out, F6 (Line Drive, 6)
|
Bottom of the 3rd over - 0 runs, 0 hits, 0 errors, 0 left on base; Bishop Verot HS 4 - Oliver Ames HS 0 |
TOP OF THE 4TH |
Bishop Verot HS batting - Pitching for Oliver Ames HS Tigers : RHP Bill Peoples
|
Batting: RHB Frank Rangel
|
0-0: Ball 1-0: Called Strike 1-1: Called Strike 1-2: Fly out, F8 (Flyball, 89D)
|
Batting: RHB José Mejía
|
0-0: Ball 1-0: Ball 2-0: Ball 3-0: Base on Balls
|
Batting: RHB Rafael Sánchez
|
0-0: Ball José Mejía is caught stealing 2nd base 1-0: Ball 2-0: Fly out, F7 (Flyball, 7S)
|
Top of the 4th over - 0 runs, 0 hits, 0 errors, 0 left on base; Bishop Verot HS 4 - Oliver Ames HS 0 |
BOTTOM OF THE 4TH |
Oliver Ames HS Tigers batting - Pitching for Bishop Verot HS : RHP Mathieu Hallé
|
Batting: LHB Manny Martínez
|
0-0: Ball 1-0: Foul Ball, location: 2F 1-1: Ball 2-1: Swinging Strike 2-2: Foul Ball, location: 2F 2-2: Foul Ball, location: 2F 2-2: Foul Ball, location: 2F 2-2: Strikes out swinging
|
Batting: LHB Tony Gillard
|
0-0: Swinging Strike 0-1: Ground out 4-3 (Groundball, 4)
|
Batting: RHB Tony Pope
|
0-0: Ball 1-0: Called Strike 1-1: SINGLE (Flyball, 8LS)
|
Batting: RHB Jim Brown
|
0-0: Ball 1-0: Swinging Strike 1-1: Ball 2-1: Ball Balk! Tony Pope to second 3-1: Foul Ball, location: 2F 3-2: Foul Ball, location: 2F 3-2: Base on Balls
|
Batting: RHB Michael Lee
|
0-0: Ball 1-0: Ground out 4-3 (Groundball, 4M)
|
Bottom of the 4th over - 0 runs, 1 hit, 0 errors, 2 left on base; Bishop Verot HS 4 - Oliver Ames HS 0 |
TOP OF THE 5TH |
Bishop Verot HS batting - Pitching for Oliver Ames HS Tigers : RHP Bill Peoples
|
Batting: LHB Fred Peters
|
0-0: Ball 1-0: Ball 2-0: Foul Ball, location: 2F 2-1: Fly out, F9 (Flyball, 9S)
|
Batting: RHB Martin Davis
|
0-0: Called Strike 0-1: Ball 1-1: Ball 2-1: Ball 3-1: Base on Balls
|
Batting: LHB Mario Rodríguez
|
0-0: Ball 1-0: Foul Ball, location: 2F 1-1: Ball 2-1: Fly out, F7 (Flyball, 7)
|
Batting: RHB Ken O'Quinn
|
0-0: Called Strike 0-1: Ball 1-1: Ball 2-1: Foul Ball, location: 2F 2-2: Strikes out swinging
|
Top of the 5th over - 0 runs, 0 hits, 0 errors, 1 left on base; Bishop Verot HS 4 - Oliver Ames HS 0 |
BOTTOM OF THE 5TH |
Oliver Ames HS Tigers batting - Pitching for Bishop Verot HS : RHP Mathieu Hallé
|
Batting: RHB Culley Turner
|
0-0: Called Strike 0-1: Ball 1-1: Ground out 6-3 (Groundball, 6)
|
Batting: LHB William Moody
|
0-0: Ball 1-0: Swinging Strike 1-1: Swinging Strike 1-2: Strikes out swinging
|
Batting: RHB Marcos Llevanos
|
0-0: Ball 1-0: Ball 2-0: Foul Ball, location: 2F 2-1: Foul Ball, location: 2F 2-2: Foul Ball, location: 2F 2-2: Ball 3-2: Reached on error, E6 (Groundball, 6D)
|
Pitching: RHP Jason Holland
|
|
Batting: RHB Will Hernández
|
0-0: Swinging Strike 0-1: Called Strike 0-2: Strikes out swinging
|
Bottom of the 5th over - 0 runs, 0 hits, 1 error, 1 left on base; Bishop Verot HS 4 - Oliver Ames HS 0 |
TOP OF THE 6TH |
Bishop Verot HS batting - Pitching for Oliver Ames HS Tigers : RHP Bill Peoples
|
Pitching: RHP Del Mendía
|
|
Batting: SHB Paul Johnson
|
0-0: Called Strike 0-1: Ball 1-1: Ball 2-1: Fly out, F8 (Flyball, 78M)
|
Batting: SHB Scott Warren
|
0-0: Swinging Strike 0-1: DOUBLE (Groundball, 5L)
|
Batting: RHB Frank Rangel
|
0-0: Called Strike 0-1: Foul Ball, location: 2F 0-2: Foul Ball, location: 2F 0-2: Ball 1-2: Strikes out swinging
|
Batting: RHB José Mejía
|
0-0: SINGLE (Line Drive, 8RS) Scott Warren to third Runner from 3rd tries for Home, SAFE, no throw
|
Batting: RHB Rafael Sánchez
|
0-0: Ball José Mejía steals 2nd base 1-0: Called Strike 1-1: Called Strike 1-2: Ball 2-2: Foul Ball, location: 2F 2-2: Foul Ball, location: 2F 2-2: Ball 3-2: Base on Balls
|
Batting: LHB Fred Peters
|
0-0: Ball 1-0: Ball 2-0: Fly out, F8 (Flyball, 8RS)
|
Top of the 6th over - 1 run, 2 hits, 0 errors, 2 left on base; Bishop Verot HS 5 - Oliver Ames HS 0 |
BOTTOM OF THE 6TH |
Oliver Ames HS Tigers batting - Pitching for Bishop Verot HS : RHP Jason Holland
|
Batting: LHB Manny Martínez
|
0-0: Ball 1-0: Ground out 6-3 (Groundball, 6)
|
Batting: LHB Tony Gillard
|
0-0: Ball 1-0: Swinging Strike 1-1: DOUBLE (Line Drive, 78D)
|
Batting: RHB Tony Pope
|
0-0: Ball 1-0: Called Strike 1-1: Fly out, F8 (Line Drive, 8RD)
|
Batting: RHB Jim Brown
|
0-0: Swinging Strike 0-1: Ball 1-1: Ball 2-1: Ball 3-1: Base on Balls
|
Batting: RHB Michael Lee
|
0-0: Foul Ball, location: 2F 0-1: Fielders Choice at 2nd, 5-4 (Groundball, 56)
|
Bottom of the 6th over - 0 runs, 1 hit, 0 errors, 2 left on base; Bishop Verot HS 5 - Oliver Ames HS 0 |
TOP OF THE 7TH |
Bishop Verot HS batting - Pitching for Oliver Ames HS Tigers : RHP Del Mendía
|
Batting: RHB Martin Davis
|
0-0: Ball 1-0: Swinging Strike 1-1: Ball 2-1: Swinging Strike 2-2: SINGLE (Line Drive, 9S)
|
Batting: LHB Mario Rodríguez
|
0-0: Called Strike 0-1: Foul Ball, location: 2F 0-2: Fly out, F7 (Flyball, 7LD)
|
Batting: RHB Ken O'Quinn
|
0-0: Called Strike 0-1: Called Strike 0-2: Ball 1-2: Foul Ball, location: 2F 1-2: Foul Ball, location: 2F 1-2: Ball 2-2: Ball 3-2: Ground out 5-3 (Groundball, 5S) Martin Davis to second
|
Batting: SHB Paul Johnson
|
0-0: Ball 1-0: Called Strike 1-1: Ball 2-1: Called Strike 2-2: Foul Ball, location: 2F 2-2: Foul Ball, location: 2F 2-2: Ball Wild Pitch! Martin Davis to third 3-2: Reached on error, E3 (Groundball, 34) Martin Davis scores
|
Batting: SHB Scott Warren
|
0-0: Ball 1-0: Called Strike 1-1: Ball 2-1: Ball 3-1: Base on Balls
|
Batting: RHB Frank Rangel
|
0-0: Foul Ball, location: 2F 0-1: Swinging Strike 0-2: Foul Ball, location: 2F 0-2: Ball 1-2: Ball 2-2: Foul Ball, location: 2F 2-2: Ball 3-2: Base on Balls Paul Johnson to third Scott Warren to second
|
Batting: RHB José Mejía
|
0-0: Called Strike 0-1: Fielders Choice at 2nd, 5-4 (Groundball, 56)
|
Top of the 7th over - 1 run, 1 hit, 1 error, 3 left on base; Bishop Verot HS 6 - Oliver Ames HS 0 |
BOTTOM OF THE 7TH |
Oliver Ames HS Tigers batting - Pitching for Bishop Verot HS : RHP Jason Holland
|
Batting: RHB Culley Turner
|
0-0: Ball 1-0: Swinging Strike 1-1: Ball 2-1: Ball 3-1: Base on Balls
|
Batting: LHB William Moody
|
0-0: Called Strike 0-1: Foul Ball, location: 2F 0-2: Foul Ball, location: 2F 0-2: SINGLE (Flyball, 89M) Culley Turner to second
|
Batting: RHB Marcos Llevanos
|
0-0: Ball 1-0: Swinging Strike 1-1: Foul Ball, location: 2F 1-2: Ball 2-2: Foul Ball, location: 2F 2-2: Strikes out swinging
|
Batting: RHB Will Hernández
|
0-0: Ball 1-0: Called Strike 1-1: Foul Ball, location: 2F 1-2: Ball 2-2: Strikes out swinging
|
Batting: LHB Manny Martínez
|
0-0: Ball 1-0: Called Strike 1-1: Swinging Strike 1-2: Ball 2-2: Reached on error, E5 (Groundball, 56) Culley Turner to third William Moody to second
|
Batting: LHB Tony Gillard
|
0-0: Ball 1-0: Called Strike 1-1: Ball 2-1: Called Strike 2-2: Strikes out swinging
|
Bottom of the 7th over - 0 runs, 1 hit, 1 error, 3 left on base; Bishop Verot HS 6 - Oliver Ames HS 0 |
TOP OF THE 8TH |
Bishop Verot HS batting - Pitching for Oliver Ames HS Tigers : RHP Del Mendía
|
Pitching: RHP Michael Féliz
|
|
Batting: RHB Rafael Sánchez
|
0-0: Foul Ball, location: 2F 0-1: Foul Ball, location: 2F 0-2: Strikes out swinging
|
Batting: LHB Fred Peters
|
0-0: Foul Ball, location: 2F 0-1: Ball 1-1: Ball 2-1: Swinging Strike 2-2: Ball 3-2: Base on Balls
|
Batting: RHB Martin Davis
|
0-0: Ball 1-0: Ball 2-0: Called Strike 2-1: Swinging Strike 2-2: Foul Ball, location: 2F 2-2: Ball 3-2: 2-RUN HOME RUN (Flyball, 8LXD), Distance : 443 ft
|
Batting: LHB Mario Rodríguez
|
0-0: Ball 1-0: Ball 2-0: Ball 3-0: Called Strike 3-1: Base on Balls
|
Batting: RHB Ken O'Quinn
|
0-0: Foul Ball, location: 2F 0-1: Called Strike 0-2: SINGLE (Groundball, 56S) (infield hit) Mario Rodríguez to second
|
Pinch Runner at 1st Jorge Franco:
|
|
Batting: SHB Paul Johnson
|
0-0: Called Strike 0-1: Ball 1-1: Swinging Strike 1-2: Strikes out swinging
|
Batting: SHB Scott Warren
|
0-0: Ball 1-0: Called Strike 1-1: Foul Ball, location: 2F 1-2: 3-RUN HOME RUN (Line Drive, 7D), Distance : 384 ft
|
Batting: RHB Frank Rangel
|
0-0: Ball 1-0: Ball 2-0: Foul Ball, location: 2F 2-1: SOLO HOME RUN (Flyball, 7D), Distance : 394 ft
|
Batting: RHB José Mejía
|
0-0: Called Strike 0-1: Foul Ball, location: 2F 0-2: Strikes out looking
|
Top of the 8th over - 6 runs, 4 hits, 0 errors, 0 left on base; Bishop Verot HS 12 - Oliver Ames HS 0 |
BOTTOM OF THE 8TH |
Oliver Ames HS Tigers batting - Pitching for Bishop Verot HS : RHP Jason Holland
|
Batting: RHB Tony Pope
|
Error on foul ball, E5 0-1: Ball 1-1: Called Strike 1-2: Ball 2-2: Ball 3-2: Base on Balls
|
Batting: RHB Jim Brown
|
0-0: Foul Ball, location: 2F 0-1: Ball 1-1: Swinging Strike 1-2: Fielders Choice at 2nd, 4-6 (Groundball, 4)
|
Batting: RHB Michael Lee
|
0-0: Called Strike 0-1: Called Strike 0-2: Strikes out looking
|
Batting: RHB Culley Turner
|
0-0: Called Strike 0-1: Called Strike 0-2: SINGLE (Groundball, 56D) Jim Brown to second
|
Batting: LHB William Moody
|
0-0: Called Strike 0-1: Called Strike 0-2: Ball 1-2: Ball 2-2: Foul Ball, location: 2F 2-2: Fly out, F9 (Flyball, 9D)
|
Bottom of the 8th over - 0 runs, 1 hit, 1 error, 2 left on base; Bishop Verot HS 12 - Oliver Ames HS 0 |
TOP OF THE 9TH |
Bishop Verot HS batting - Pitching for Oliver Ames HS Tigers : RHP Michael Féliz
|
Pitching: LHP Chase Walker
|
|
Batting: RHB Rafael Sánchez
|
0-0: Ball 1-0: Ball 2-0: Ball 3-0: Foul Ball, location: 2F 3-1: Base on Balls
|
Batting: LHB Fred Peters
|
0-0: Ball 1-0: Ball 2-0: Ball 3-0: Called Strike 3-1: Swinging Strike 3-2: Foul Ball, location: 2F 3-2: Fly out, F3 (Line Drive, 3)
|
Batting: RHB Martin Davis
|
0-0: Called Strike 0-1: Foul Ball, location: 2F 0-2: Ball 1-2: Strikes out swinging Rafael Sánchez steals 2nd base Batter strikes out.
|
Batting: LHB Mario Rodríguez
|
0-0: SINGLE (Groundball, 3D) Rafael Sánchez to third Runner from 3rd tries for Home, SAFE, throw made home
|
Batting: RHB Jorge Franco
|
0-0: Ball 1-0: Fielders Choice at 2nd, 6-4 (Groundball, 6)
|
Top of the 9th over - 1 run, 1 hit, 0 errors, 1 left on base; Bishop Verot HS 13 - Oliver Ames HS 0 |
BOTTOM OF THE 9TH |
Oliver Ames HS Tigers batting - Pitching for Bishop Verot HS : RHP Jason Holland
|
Batting: RHB Marcos Llevanos
|
0-0: Called Strike 0-1: Called Strike 0-2: Foul Ball, location: 2F 0-2: Ball 1-2: Ball 2-2: Foul Ball, location: 2F 2-2: Reached on error, E5 (Groundball, 56S)
|
Pitching: LHP Silas Farr
|
|
Batting: RHB Will Hernández
|
0-0: Ball 1-0: Called Strike 1-1: Swinging Strike 1-2: Strikes out swinging
|
Batting: LHB Manny Martínez
|
0-0: Ball 1-0: Ball 2-0: Called Strike 2-1: Ball 3-1: Foul Ball, location: 2F 3-2: DOUBLE (Line Drive, 78D) Marcos Llevanos to third
|
Batting: LHB Tony Gillard
|
0-0: Called Strike 0-1: Foul Ball, location: 2F 0-2: Strikes out swinging
|
Batting: RHB Tony Pope
|
0-0: Ball 1-0: Swinging Strike 1-1: Ball 2-1: Swinging Strike 2-2: SINGLE (Flyball, 5D) Marcos Llevanos scores Manny Martínez to third
|
Batting: RHB Jim Brown
|
0-0: Ball 1-0: Foul Ball, location: 2F 1-1: Ball 2-1: Ball 3-1: Fly out, F1 (Line Drive, 13)
|
Bottom of the 9th over - 1 run, 2 hits, 1 error, 2 left on base; Bishop Verot HS 13 - Oliver Ames HS 1 |
|